AoeStats
← ĐẠI ĐÔ ĐỐC MẠNH ĐẠT

African Clearing

510440699Analyzed
4v4 RM · 1mo ago on Oct 1, 2026· 52m 3s· 8 players
Game mode
Random Map
Map size
Large (8 player)
Population
200
Speed
Normal
Resources
Standard
Victory
Conquest
Starting age
Dark Age
Ending age
Imperial Age
RankedLock teamsTeams togetherTeam positionsShared explorationLock speedFull tech treeHidden civsTurbo modeCheats
Victory
Defeat
🇨🇱 Varangians · Chile
1520
+13
🇨🇱 Mongols · Chile
1497
+14
🇨🇱 Georgians · Chile
1480
+15
🇧🇷 Danes · Brazil
1447
+16
vs
🇦🇷 Koreans · Argentina
1514
-18
1472
-15
🇺🇸 Maya · United States
1425
-13
🇬🇧 Mongols · United Kingdom
1389
-12
l3av3x
11:32 Loom
14:18 Feudal Age
15:19 Double-Bit Axe
15:14 Horse Collar
15:50 Horse Collar
18:10 Castle Age
19:18 Bow Saw
19:09 Heavy Plow
25:22 Wheelbarrow
27:15 Town Watch
28:02 Hand Cart
29:25 Scale Mail Armor
29:36 Forging
33:00 Imperial Age
31:27 Squires
31:12 Arson
31:13 Gambesons
36:07 Conscription
35:44 Fletching
36:22 Gold Mining
37:45 Onager
39:29 Elite Varangian Guard
40:41 Stone Mining
41:26 Gold Shaft Mining
40:37 Pikeman
41:34 Chain Mail Armor
41:54 Iron Casting
41:37 Northmen's Fury
42:34 Siege Engineers
43:30 Chemistry
43:44 Hamask
45:24 Stone Shaft Mining
44:17 Capped Ram
45:41 Bodkin Arrow
46:17 Plate Mail Armor
46:47 Blast Furnace
48:20 Siege Ram
49:21 Bracer
51:05 Hoardings
NPG | DR@CA
11:16 Loom
13:26 Feudal Age
14:18 Double-Bit Axe
16:46 Fletching
27:15 Castle Age
27:43 Padded Archer Armor
28:08 Bodkin Arrow
33:15 Horse Collar
34:24 Town Watch
36:17 Gold Mining
40:58 Wheelbarrow
43:43 Husbandry
48:40 Imperial Age
46:50 Ballistics
47:13 Bloodlines
48:17 Gold Shaft Mining
48:19 Hand Cart
48:46 Stone Mining
48:40 Elite Skirmisher
49:45 Leather Archer Armor
51:20 Chemistry
51:02 Bracer
51:47 Stone Shaft Mining
BrøweN
8:09 Loom
13:09 Feudal Age
14:01 Double-Bit Axe
15:39 Bloodlines
20:00 Castle Age
19:02 Double-Bit Axe
19:00 Horse Collar
36:52 Bow Saw
43:15 Wheelbarrow
48:51 Imperial Age
47:28 Padded Archer Armor
47:19 Fletching
47:04 Elite Skirmisher
47:45 Gold Mining
47:46 Stone Mining
48:15 Hand Cart
48:46 Bodkin Arrow
49:59 Conscription
50:41 Forging
50:37 Scale Barding Armor
50:52 Husbandry
51:51 Leather Archer Armor
51:59 Chain Barding Armor
NPG | Cristalito
9:09 Loom
11:20 Feudal Age
9:49 Loom
12:07 Double-Bit Axe
15:01 Forging
22:27 Castle Age
20:42 Fletching
21:23 Padded Archer Armor
22:47 Gold Mining
23:28 Bloodlines
23:09 Town Watch
23:58 Bodkin Arrow
27:28 Ballistics
30:35 Husbandry
30:58 Bow Saw
32:52 Wheelbarrow
32:58 Horse Collar
37:18 Leather Archer Armor
37:56 Hand Cart
41:03 Imperial Age
39:39 Elite Skirmisher
41:06 Treadmill Crane
41:47 Stone Mining
42:55 Conscription
44:58 Chemistry
44:01 Bracer
45:09 Parthian Tactics
46:21 Scale Barding Armor
45:43 Cavalier
48:24 Chain Barding Armor
49:43 Arrowslits
49:49 Guard Tower
50:10 Masonry
50:42 Aznauri Cavalry
51:51 Sappers
52:42 Conscription
SHERIFF
4:32 Loom
12:53 Feudal Age
14:15 Double-Bit Axe
15:40 Fletching
16:42 Padded Archer Armor
19:22 Horse Collar
24:39 Castle Age
24:45 Crossbowman
25:20 Bodkin Arrow
33:58 Leather Archer Armor
37:41 Wheelbarrow
37:17 Bow Saw
45:55 Imperial Age
43:22 Eagle Warrior
44:03 Squires
44:04 Scale Mail Armor
44:42 Heavy Plow
45:10 Ballistics
46:26 Chain Mail Armor
46:44 Bracer
47:45 Forging
48:41 Ring Archer Armor
49:45 Plate Mail Armor
50:51 Iron Casting
Mercer
14:03 Feudal Age
12:20 Loom
14:06 Feudal Age
18:11 Castle Age
16:22 Double-Bit Axe
20:19 Bow Saw
20:34 Horse Collar
23:14 Fletching
24:29 Bodkin Arrow
25:42 Padded Archer Armor
28:35 Town Watch
31:35 Wheelbarrow
33:03 Ballistics
37:48 Imperial Age
35:35 Leather Archer Armor
35:21 Husbandry
35:32 Bloodlines
36:06 Thumb Ring
37:48 Hand Cart
37:25 Gold Mining
38:42 Bracer
39:09 Parthian Tactics
39:49 Chemistry
40:33 Heavy Cavalry Archer
42:11 Conscription
42:31 Light Cavalry
43:18 Scale Barding Armor
43:23 Forging
43:45 Hussar
44:46 Chain Barding Armor
45:25 Scale Mail Armor
46:01 Iron Casting
46:50 Coinage
lisandropastore
4:37 Loom
13:26 Feudal Age
19:04 Castle Age
20:38 Fletching
38:26 Wheelbarrow
38:29 Double-Bit Axe
40:55 Town Watch
41:14 Horse Collar
ĐẠI ĐÔ ĐỐC MẠNH ĐẠT
8:53 Loom
11:48 Feudal Age
13:30 Double-Bit Axe
16:10 Fletching
17:05 Padded Archer Armor
21:55 Scale Barding Armor
27:08 Wheelbarrow
28:35 Forging
33:29 Castle Age
42:46 Ballistics
45:06 Hand Cart
44:56 Bodkin Arrow
Connection lost

Rejoining the realm…

Still unreachable

The connection could not be restored.

Session expired

The server has moved on; the page needs a fresh start.